 Dungeon Crawl Stone Soup version 0.29.1-13-g9f3cf754e1 (webtiles) character file.

Game seed: 14102287012739398342

361 Thatpatchoflichen the Trooper (level 6, -1/54 (67) HPs)
             Began as an Ogre Fighter on Feb 1, 2023.
             Slain by a necrophage (6 damage)
             ... on level 4 of the Dungeon.
             The game lasted 00:08:14 (5369 turns).

Thatpatchoflichen the Trooper (Ogre Fighter)        Turns: 5369, Time: 00:08:15

HP:   -1/54 (67)    AC:  3    Str: 20 (21) XL:     6   Next: 66%
MP:   6/6           EV:  9    Int:  7 (9)  God:
Gold: 123           SH:  7    Dex:  7 (10) Spells: 5/5 levels left

rFire   . . .      SeeInvis .   a - +0 long sword
rCold   . . .      Faith    .   c - +0 kite shield
rNeg    . . .      Spirit   .   b - +0 robe
rPois   .          Reflect  .   (helmet restricted)
rElec   .          Harm     .   (no cloak)
rCorr   .          Rampage  .   (gloves unavailable)
Will    .....                   (boots unavailable)
Stlth   +.........              (no amulet)
HPRegen 0.18/turn               (no ring)
MPRegen 0.10/turn               (no ring)

@: heavily drained
A: large, unfitting armour, tough skin 1
a: no special abilities


You were on level 4 of the Dungeon.
You visited 1 branch of the dungeon, and saw 4 of its levels.

You collected 123 gold pieces.

Inventory:

Hand Weapons
 a - a +0 long sword (weapon)
Missiles
 e - 3 curare-tipped darts (quivered)
 k - 3 atropa-tipped darts
 l - 2 poisoned darts
 r - a throwing net
Armour
 b - a +0 robe (worn)
 c - a +0 kite shield (worn)
 f - a +0 kite shield
Jewellery
 p - a +4 ring of protection
Scrolls
 g - a scroll of amnesia {unknown}
 i - a scroll of poison {unknown}
 j - a scroll of torment {unknown}
 o - 4 scrolls of identify {unknown}
Potions
 d - a potion of might
 h - a potion of invisibility {unknown}
 m - 2 potions of heal wounds {unknown}
 n - 4 potions of degeneration
 q - 2 potions of cancellation {unknown}


   Skills:
 + Level 5.9 Fighting
 + Level 3.3 Long Blades
 + Level 4.0 Dodging
 + Level 4.4 Shields


You had 5 spell levels left.
You didn't know any spells.
Your spell library contained the following spells:

 Spells                   Type           Power      Damage    Failure   Level
 Beastly Appendage        Tmut           0%         N/A       71%         1
 Wereblood                Tmut           0%         N/A       85%         2
 Spider Form              Tmut/Pois      0%         N/A       97%         3
 Tukima's Dance           Hex            0%         N/A       97%         3
 Passage of Golubria      Tloc           0%         N/A       100%        4
 Yara's Violent Unravell  Hex/Tmut       0%         3d3       100%        5


Dungeon Overview and Level Annotations

Branches:
Dungeon (4/15)
 Temple: D:4-7

Altars:
Ashenzari
Makhleb

Shops:
D:3 !

Annotations:
D:4 Menkaure


Innate Abilities, Weirdness & Mutations

You are too large for most types of armour.
You have tough skin. (AC +1)


Message History

The adder bites you. The necrophage hits you.
You hit the adder.
The adder is severely wounded.
You feel sick. The adder barely misses you. The necrophage hits you.
You feel drained. The adder barely misses you.
You closely miss the adder.
The adder is severely wounded.
You feel sick. The adder closely misses you. The necrophage hits you.
You feel drained. You block the adder's attack. The necrophage hits you.
You barely miss the adder.
The adder is heavily wounded.
You feel sick.
You are no longer poisoned.
The adder closely misses you. The necrophage completely misses you.
You hit the adder but do no damage.
The adder is heavily wounded.
The adder closely misses you. The necrophage barely misses you.
The adder bites you.
* * * LOW HITPOINT WARNING * * *
You miss the adder.
The adder is heavily wounded.
The adder closely misses you. The necrophage hits you.
* * * LOW HITPOINT WARNING * * *
The adder bites you.
* * * LOW HITPOINT WARNING * * *
You closely miss the adder.
The adder is heavily wounded.
You block the necrophage's attack. The adder misses you.
The necrophage hits you.
* * * LOW HITPOINT WARNING * * *
You feel drained.
* * * LOW HITPOINT WARNING * * *
The adder bites you.
* * * LOW HITPOINT WARNING * * *
There are monsters nearby!
It was a potion of degeneration.
There was something very wrong with that liquid.
You feel weakened.
You feel dopey.
You feel clumsy. The adder completely misses you. The necrophage hits you.
You die...

.. .. n# ..#
######..#... ####
#.#.#....... ###..##
##..@n##...#
#.....###...S.....#
##....##.##.#......#
#....#..####....)...
##............###.?.
##........#..# ..
#....###.##.# ..
#.....##.#... # ...
.
#..........#..#....


You could see a necrophage and an adder.

Vanquished Creatures
  2 phantoms (D:3)
  Jessica (D:3)
  Natasha (thrice) (D:3)
  An orc wizard (D:3)
  3 adders
  2 worms (D:2)
  A dart slug (D:3)
  3 orcs (D:3)
  3 ball pythons
  3 bats
  6 endoplasms
  2 giant cockroaches (D:1)
  7 goblins
  8 hobgoblins
  7 jackals
  4 kobolds
  A quokka (D:3)
  2 frilled lizards
  4 rats
63 creatures vanquished.

Vanquished Creatures (others)
  A plant (D:3)
1 creature vanquished.

Grand Total: 64 creatures vanquished

Notes
Turn   | Place    | Note
-------+----------+-------------------------------------------
     0 | D:1      | Thatpatchoflichen the Ogre Fighter began the quest for the
                  | Orb.
     0 | D:1      | Reached XP level 1. HP: 24/24 MP: 1/1
   268 | D:1      | Reached XP level 2. HP: 24/32 MP: 2/2
  1406 | D:1      | Reached XP level 3. HP: 35/40 MP: 3/3
  2305 | D:2      | Reached XP level 4. HP: 42/49 MP: 4/4
  2503 | D:3      | Identified the +4 chain mail of Contentment {Str+3 Slay+2}
  2547 | D:3      | Noticed Natasha
  2555 | D:3      | Killed Natasha
  2561 | D:4      | Noticed a phantom
  2784 | D:3      | Reached skill level 5 in Fighting
  2898 | D:3      | Noticed Natasha
  2907 | D:3      | Killed Natasha
  2908 | D:3      | Reached XP level 5. HP: 33/57 MP: 5/5
  3083 | D:3      | Found a burning altar of Makhleb.
  3185 | D:3      | Found Naochusu's Distillery.
  3311 | D:3      | Found a broken altar of Ashenzari.
  3387 | D:3      | Noticed Jessica
  3454 | D:3      | Killed Jessica
  3611 | D:3      | Noticed Natasha
  3623 | D:3      | Killed Natasha
  4427 | D:4      | Noticed Menkaure
  4607 | D:4      | Noticed a phantom
  4761 | D:3      | Killed a phantom
  4762 | D:3      | Reached XP level 6. HP: 25/67 MP: 6/6
  5369 | D:4      | Slain by a necrophage

Illustrated notes

Levels and vault maps discovered:
D:1:      ncdulo_wetmaze, layout_basic
D:2:      layout_basic
D:3:      layout_loops_corners, nicolae_ashenzari_panopticon, bloody_makhleb,
          serial_shops, shop, guppyfry_early_lair_pool, uniq_natasha,
          uniq_jessica
D:4:      layout_cave_pools, mainiacjoe_overflow_catwalk,
          lightli_temple_of_fire, minmay_temple_entry_arrows,
          minmay_manual_maat, uniq_menkaure

Skill      XL: |  1  2  3  4  5  6 |
---------------+-------------------+-----
Long Blades    | 2 3 |  3.3
Dodging        | 3 4 |  4.0
Fighting       | 5 |  5.9
Shields        | 4 |  4.4

Action                   |  1- 3 |  4- 6 || total
-------------------------+-------+-------++-------
Melee: Long sword        |   147 |   164 ||   311
  Use: Potion            |       |     1 ||     1
Armor: Robe              |    40 |    54 ||    94
Dodge: Dodged            |    58 |   109 ||   167
Block: Kite shield       |    60 |    90 ||   150
